 Dungeon Crawl Stone Soup version 0.18.1-5-g4a78601 (webtiles) character file.

6657 nicanaca0 the Severer (level 10, -5/136 HPs)
             Began as a Minotaur Berserker on May 14, 2016.
             Was an Elder of Trog.
             Slain by a salamander (shapeshifter) (12 damage)
             ... on level 9 of the Dungeon.
             The game lasted 00:19:24 (6835 turns).

nicanaca0 the Severer (Minotaur Berserker)          Turns: 6835, Time: 00:19:24

Health: -5/136     AC: 15    Str: 34    XL:     10   Next: 73%
Magic:  9/9        EV: 10    Int:  4    God:    Trog [****..]
Gold:   132        SH:  0    Dex: 18    Spells: 0 memorised, 9 levels left

rFire  . . .     SeeInvis .     H - +5 war axe of the Beast {chop, Stlth+}
rCold  + . .     Gourm    .     q - +0 plate armour
rNeg   . . .     Faith    .     (no shield)
rPois  +         Spirit   .     (helmet restricted)
rElec  .         Dismiss  .     y - +0 cloak
rCorr  .         Reflect  .     (no gloves)
SustAt .         Harm     .     (no boots)
MR     .....                    (no amulet)
Stlth  ..........               t - +6 ring of strength
                                z - ring of the Republic {rPois rC+ Dex+6}

@: berserking, lethally poisoned (-5 -> -6), very quick, not resistant to
hostile enchantments, extremely unstealthy
A: retaliatory headbutt, horns 2
a: Berserk, Trog's Hand, Brothers in Arms, Burn Spellbooks, Renounce Religion


You were on level 9 of the Dungeon.
You worshipped Trog.
Trog was greatly pleased with you.
You were not hungry.

You visited 2 branches of the dungeon, and saw 10 of its levels.

You collected 407 gold pieces.
You spent 275 gold pieces at shops.

Inventory:

Hand Weapons
 w - a +2 hand axe of electrocution
 H - the +5 war axe of the Beast (weapon) {chop, Stlth+}
   (You bought it in a shop on level 5 of the Dungeon)

   It inflicts extra damage upon your enemies.
   It makes you more stealthy.
Missiles
 n - 288 stones (quivered)
Armour
 q - a +0 plate armour (worn)
 y - a +0 cloak (worn)
Jewellery
 o - a +3 ring of evasion
 t - a +6 ring of strength (right hand)
 z - the ring of the Republic (left hand) {rPois rC+ Dex+6}
   (You found it on level 5 of the Dungeon)

   [ring of protection from cold]

   It affects your dexterity (+6).
   It protects you from cold.
   It protects you from poison.
Wands
 r - a wand of digging (9/24)
 E - a wand of lightning (4/15)
 G - a wand of flame (31/48)
 I - a wand of digging (16/24)
Scrolls
 b - a scroll of acquirement {unknown}
 g - 5 scrolls of remove curse {unknown}
 m - 4 scrolls of noise {unknown}
 B - 2 scrolls of recharging {unknown}
 C - a scroll of summoning {unknown}
 D - a scroll of enchant armour {unknown}
 F - a scroll of amnesia {unknown}
Potions
 e - 3 potions of lignification
 f - a potion of cure mutation
 i - 4 potions of might
 j - a potion of brilliance
 k - a potion of curing
 u - a potion of heal wounds
 v - 2 potions of agility
 x - a potion of haste
 A - a potion of mutation {unknown}
Comestibles
 a - 3 chunks of flesh
 c - 6 bread rations
 l - 20 fruits
 s - 2 meat rations


   Skills:
 + Level 9.1 Fighting
 * Level 15.2 Axes
 + Level 8.5 Armour
 - Level 2.5 Dodging


You had 9 spell levels left.
You didn't know any spells.

Dungeon Overview and Level Annotations

Branches:
Dungeon (9/15)             Temple (1/1) D:6
   Lair: D:8-11         Orc: D:9-12

Altars:
Ashenzari
Cheibriados
Elyvilon
Fedhas
Gozag
Kikubaaqudgha
Nemelex Xobeh
Okawaru
Ru
Sif Muna
Vehumet
Yredelemnul
Zin
The Shining One

Shops:
D:5 *

Annotations:
D:4 Blork the orc


Innate Abilities, Weirdness & Mutations

You reflexively headbutt those who attack you in melee.
You have a pair of horns on your head.


Message History

Something hits you but does no damage.
Deactivating autopickup; reactivate with Ctrl-A.
You slice the salamander!!
The salamander is severely wounded.
You slash the centaur zombie! You miss something. Something hits you.
* * * LOW HITPOINT WARNING * * *
The salamander hits you.
* * * LOW HITPOINT WARNING * * *
You are engulfed in flames!
* * * LOW HITPOINT WARNING * * *
The centaur zombie closely misses you.
You hit the salamander.
The salamander is severely wounded.
You barely miss the centaur zombie. You slash something!
Something hits you but does no damage.
The centaur zombie hits you but does no damage.
The salamander hits you.
* * * LOW HITPOINT WARNING * * *
You are engulfed in flames!
You die...

....
.............##
...#
#...........^#
...#
#######..####.#
...###..
........####.##
........
###.####.......#
#.....
.......#..######
##...#
.......#..#
#...#
......Z#((#
....#
...8.Y(@..#
....#
......N#.##
....# ......T#.#
....##
.......#.#
#....#
###.####.#
##..## ........#
##.## #####
#.#.## #..#
#..####.# ...##
##...##..#


You could see a salamander, a yak, a troll and a centaur zombie.

Vanquished Creatures
  An unseen horror (D:9)
  Pikel (D:4)
  2 ugly things
  A cyclops (D:9)
  The ghost of Aelig the Tainter, a novice OpVM of Ashenzari (D:8)
  A troll (D:9)
  Sigmund (D:5)
  A wraith (D:9)
  A wyvern (D:9)
  4 hippogriffs
  Duvessa (D:4)
  An ice beast (D:4)
  A black bear (D:6)
  A necrophage (D:6)
  7 ogres
  2 phantoms
  2 centaurs
  2 crocodiles
  5 giant frogs
  Dowan (D:4)
  A wyvern zombie (D:7)
  3 scorpions
  2 crimson imps
  A centaur zombie (D:7)
  A giant frog zombie (D:5)
  3 jellies
  A giant frog skeleton (D:7)
  4 hounds
  5 orc wizards
  3 orc priests
  A centaur skeleton (D:9)
  2 iguanas
  2 worker ants
  2 killer bee zombies
  A hound skeleton (D:6)
  A worker ant zombie (D:7)
  8 gnolls
  A howler monkey skeleton (D:4)
  12 adders
  An ooze (D:4)
  4 giant geckos
  26 orcs
  5 bats
  3 giant cockroaches
  6 goblins
  6 hobgoblins
  4 jackals
  A kobold (D:3)
  2 quokkas (D:3)
  5 giant newts
  2 quokka skeletons
  3 rats
159 creatures vanquished.

Vanquished Creatures (others)
  A crimson imp (D:6)
1 creature vanquished.

Grand Total: 160 creatures vanquished

Notes
Turn   | Place    | Note
--------------------------------------------------------------
     0 | D:1      | nicanaca0 the Minotaur Berserker began the quest for the Orb.
     0 | D:1      | Reached XP level 1. HP: 19/19 MP: 0/0
   294 | D:1      | Reached XP level 2. HP: 26/27 MP: 1/1
   625 | D:2      | Reached skill level 4 in Axes
  1157 | D:2      | Reached XP level 3. HP: 33/33 MP: 2/2
  1356 | D:3      | Reached skill level 5 in Axes
  1391 | D:3      | Reached XP level 4. HP: 40/40 MP: 3/3
  1544 | D:3      | Noticed an ogre
  1551 | D:3      | Killed an ogre
  1551 | D:3      | Reached ** piety under Trog
  1551 | D:3      | Reached skill level 7 in Axes
  1551 | D:3      | Reached XP level 5. HP: 46/46 MP: 4/4
  1979 | D:3      | Reached XP level 6. HP: 52/52 MP: 5/5
  2124 | D:3      | Reached skill level 8 in Axes
  2192 | D:4      | Noticed an ice beast
  2207 | D:4      | Killed an ice beast
  2290 | D:4      | Found a basalt altar of Yredelemnul.
  2418 | D:4      | Noticed Duvessa
  2419 | D:4      | Noticed Dowan
  2465 | D:4      | Killed Duvessa
  2465 | D:4      | Reached skill level 9 in Axes
  2473 | D:4      | Killed Dowan
  2473 | D:4      | Reached XP level 7. HP: 58/58 MP: 6/6
  2488 | D:4      | Noticed Blork the orc
  2590 | D:4      | Noticed Pikel
  2600 | D:4      | Killed Pikel
  2600 | D:4      | Reached skill level 11 in Axes
  2600 | D:4      | Reached XP level 8. HP: 66/66 MP: 7/7
  2883 | D:4      | Found a deep blue altar of Sif Muna.
  3052 | D:5      | Entered Level 5 of the Dungeon
  3096 | D:5      | Got a translucent glass ring
  3098 | D:5      | Identified the ring of the Republic {rPois rC+ Dex+6} (You found it on level 5 of the Dungeon)
  3181 | D:5      | Found a sparkling altar of Nemelex Xobeh.
  3256 | D:5      | Found Turhat's Assorted Antiques.
  3272 | D:5      | Reached *** piety under Trog
  3380 | D:5      | Bought a scroll labeled QADOAGU MIMEMN for 22 gold pieces
  3380 | D:5      | Bought a scroll labeled NUUKOA RITSUBAS for 22 gold pieces
  3380 | D:5      | Bought a scroll of identify for 44 gold pieces
  3639 | D:5      | Noticed Sigmund
  3643 | D:5      | Killed Sigmund
  3643 | D:5      | Reached skill level 5 in Fighting
  3643 | D:5      | Reached skill level 12 in Axes
  3879 | D:6      | Found an opulent altar of Gozag.
  3975 | D:6      | Found a staircase to the Ecumenical Temple.
  4008 | Temple   | Entered the Ecumenical Temple
  4165 | D:6      | Reached XP level 9. HP: 78/78 MP: 8/8
  4265 | D:6      | Found a glowing silver altar of Zin.
  4277 | D:6      | Reached skill level 13 in Axes
  4422 | D:7      | Noticed a red ugly thing
  4435 | D:7      | Killed a red ugly thing
  4438 | D:7      | Reached skill level 5 in Armour
  4705 | D:7      | Found an ancient bone altar of Kikubaaqudgha.
  4873 | D:7      | Found a glowing golden altar of the Shining One.
  5026 | D:7      | Reached skill level 14 in Axes
  5267 | D:8      | Reached **** piety under Trog
  5311 | D:8      | Found an iron altar of Okawaru.
  5625 | D:8      | Found a shattered altar of Ashenzari.
  5738 | D:8      | Reached XP level 10. HP: 83/86 MP: 9/9
  5761 | D:8      | Found a blossoming altar of Fedhas.
  5825 | D:8      | Found a radiant altar of Vehumet.
  6045 | D:8      | Noticed Aelig's ghost (novice OpVM)
  6054 | D:8      | Killed Aelig's ghost
  6438 | D:5      | Bought a bloodstained war axe for 187 gold pieces
  6438 | D:5      | Identified the +5 war axe of the Beast {chop, Stlth+} (You bought it in a shop on level 5 of the Dungeon)
  6752 | D:9      | Found a deep blue altar of Sif Muna.
  6810 | D:9      | Noticed a cyclops
  6810 | D:9      | Noticed a green ugly thing
  6812 | D:9      | Noticed a salamander
  6822 | D:9      | Killed a green ugly thing
  6832 | D:9      | Killed an unseen horror
  6832 | D:9      | Reached skill level 15 in Axes
  6833 | D:9      | Killed a cyclops
  6835 | D:9      | Slain by a salamander (shapeshifter)

Skill      XL: |  1  2  3  4  5  6  7  8  9 10 |
---------------+-------------------------------+-----
Axes           | 4 5 7 9 11 12 14 15 | 15.2
Fighting       | 6 7 9 |  9.1
Armour         | 6 8 |  8.5
Dodging        | |  2.5

Action                   |  1- 3 |  4- 6 |  7- 9 | 10-12 || total
-------------------------+-------+-------+-------+-------++-------
Melee: Hand axe          |    44 |   128 |   187 |    33 ||   392
       Headbutt          |     4 |    17 |    50 |    19 ||    90
       War axe           |       |       |       |    30 ||    30
Throw: Stone             |       |     3 |       |       ||     3
Invok: Berserk           |     1 |     1 |     2 |     2 ||     6
       Trog's Hand       |       |     3 |     2 |       ||     5
       Burn Spellbooks   |       |       |     1 |     1 ||     2
       Brothers in Arms  |       |       |       |     1 ||     1
  Use: Scroll            |       |     1 |     8 |     2 ||    11
       Potion            |       |     1 |       |       ||     1
  Eat: Chunk             |     1 |     6 |     7 |       ||    14
       Royal jelly       |       |       |     1 |       ||     1
       Pizza             |       |       |     1 |       ||     1
       Meat ration       |       |       |     1 |     1 ||     2
Armor: Animal skin       |     4 |       |       |       ||     4
       Plate armour      |    21 |    44 |    68 |    44 ||   177
       Skin              |       |    39 |       |       ||    39
Dodge: Dodged            |    16 |    19 |    45 |    30 ||   110
Block: Shield            |    16 |    43 |    38 |       ||    97
